Map: Nightshade LE

Players

Zest - Winner!

  • Race: Protoss Protoss
  • League: Master
  • Spawn Location: 5:00

TYTY (TY)

  • Race: Terran Terran
  • League: Grandmaster
  • Spawn Location: 11:00

Event: Shopify TSL 5

VOD

Have the link to the VOD?

Description

Time

  • Played on: May 31, 2020, 12:52 p.m.
  • Length: 18:13

All games in this series

Show
View Real Time Build Order
Export as new Build Order

Zest Protoss - Winner!

Build Orders: 1 Gate Expand, Colossus Rush 

Get SALT Encoding   

  12  0:01  Probe  
  13  0:13  Probe  
  14  0:17  Pylon  
  14  0:25  Probe (Chrono Boost)  
  15  0:37  Probe (Chrono Boost), Gateway  
  16  0:44  Probe (Chrono Boost)  
  16  0:46  Assimilator  
  17  0:51  Probe  
  18  1:03  Probe  
  19  1:15  Probe  
  20  1:24  Cybernetics Core  
  20  1:32  Nexus  
  20  1:35  Probe  
  21  1:41  Pylon  
  21  1:47  Probe  
  21  1:49  Assimilator  
  22  1:57  Adept (Chrono Boost)  
  22  1:59  Probe  
  25  2:02  Warp Gate  
  25  2:11  Probe  
  26  2:17  Adept (Chrono Boost)  
  28  2:23  Probe  
  28  2:24  Robotics Facility  
  29  2:35  Probe  
  30  2:41  Adept (Chrono Boost)  
  32  2:45  Probe  
  32  2:48  Probe  
  34  2:58  Probe  
  35  3:03  Stalker  
  35  3:04  Gateway  
  37  3:12  Observer (Chrono Boost)  
  38  3:14  Gateway  
  38  3:16  Gateway  
  38  3:18  Probe  
  39  3:22  Probe  
  40  3:28  Shield Battery  
  40  3:30  Probe  
  41  3:41  Pylon  
  41  3:44  Probe x2  
  43  3:50  Stalker  
  43  3:54  Observer  
  45  3:57  Probe (Chrono Boost)  
  45  3:59  Probe (Chrono Boost)  
  45  4:02  Pylon  
  47  4:09  Assimilator  
  49  4:11  Probe (Chrono Boost), Assimilator  
  49  4:14  Probe (Chrono Boost)  
  49  4:17  Probe (Chrono Boost)  
  49  4:20  Probe (Chrono Boost)  
  49  4:22  Warp Prism (Chrono Boost), Robotics Bay  
  53  4:25  Probe  
  53  4:29  Observer  
  52  4:32  Probe  
  52  4:37  Probe  
  52  4:39  Pylon  
  52  4:44  Pylon  
  52  4:46  Shield Battery  
  52  4:48  Adept  
  54  4:56  Observer (Chrono Boost)  
  54  4:58  Stalker x2, Sentry  
  61  5:06  Twilight Council  
  61  5:08  Forge  
  61  5:09  Colossus (Chrono Boost), Observer  
  67  5:24  Gravitic Drive (Chrono Boost)  
  66  5:43  Probe x2  
  66  5:44  Blink (Chrono Boost), Protoss Ground Weapons Level 1  
  68  5:56  Colossus (Chrono Boost)  
  68  6:03  Pylon  
  74  6:05  Pylon  
  74  6:08  Gateway  
  74  6:09  Gateway  
  74  6:13  Extended Thermal Lance (Chrono Boost)  
  74  6:28  Pylon  
  74  6:37  Probe x2  
  76  6:40  Colossus (Chrono Boost)  
  76  6:42  Pylon  
  76  6:44  Nexus  
  82  7:07  Stalker x5  
  92  7:13  Shield Battery x2  
  92  7:33  Stalker x5  
  102  7:42  Protoss Ground Weapons Level 2 (Chrono Boost)  
  102  7:45  Probe x2  
  108  7:51  Immortal, Charge (Chrono Boost)  
  108  7:56  Probe (Chrono Boost)  
  108  7:57  Probe (Chrono Boost)  
  108  7:58  Probe (Chrono Boost)  
  111  8:08  Probe (Chrono Boost)  
  111  8:09  Probe (Chrono Boost)  
  111  8:10  Gateway  
  111  8:12  Gateway  
  114  8:15  Probe (Chrono Boost), Dark Shrine  
  114  8:16  Probe x2 (Chrono Boost)  
  112  8:21  Probe  
  112  8:23  Probe  
  112  8:27  Probe (Chrono Boost)  
  115  8:31  Sentry  
  115  8:32  Immortal  
  121  8:34  Observer  
  121  8:35  Assimilator x2  
  121  8:36  Probe (Chrono Boost)  
  121  8:40  Pylon  
  121  8:41  Probe (Chrono Boost)  
  123  8:42  Gateway  
  123  8:48  Nexus  
  123  8:50  Pylon  
  123  9:11  Immortal (Chrono Boost)  
  123  9:16  Zealot  
  129  9:17  Pylon  
  129  9:18  Shadow Stride  
  129  9:20  Sentry x2, Zealot x4  
  141  9:27  Nexus  
  141  9:28  Pylon  
  141  9:41  Gravitic Boosters  
  141  9:48  Probe x3  
  141  9:50  Pylon  
  144  9:54  Immortal (Chrono Boost)  
  148  10:01  Probe x2  
  148  10:02  Probe  
  148  10:04  Probe  
  152  10:13  Probe  
  151  10:14  Dark Templar  
  151  10:17  Gateway  
  151  10:18  Gateway  
  151  10:19  Gateway x2  
  153  10:21  Gateway  
  153  10:22  Gateway  
  151  10:32  Dark Templar x4  
  159  10:36  Dark Templar  
  159  11:00  Dark Templar x3  
  165  11:12  Zealot x2, Dark Templar x5  
  158  11:33  Dark Templar x2  
  158  11:38  Pylon  
  156  11:40  Pylon  
  156  11:41  Pylon  
  156  11:44  Pylon  
  129  12:06  Zealot  
  129  12:07  Zealot x3  
  126  12:38  Nexus  
  126  12:51  Observer  
  126  13:11  Gateway  
  126  13:12  Forge  
  126  13:17  Nexus  
  126  13:19  Pylon  
  126  13:21  Pylon  
  126  13:23  Pylon  
  57  13:45  Photon Cannon  
  57  13:46  Photon Cannon  
  57  13:47  Photon Cannon  
  57  13:49  Photon Cannon x2  
  57  13:52  Photon Cannon  
  57  14:05  Cybernetics Core, Zealot  
  59  14:16  Pylon  
  59  14:26  Pylon  
  59  14:27  Zealot  
  61  14:44  Stalker  
  63  15:02  Pylon  
  63  15:06  Pylon  
  63  15:22  Probe  
  63  15:28  Nexus  
  64  15:47  Pylon  
  64  15:58  Cybernetics Core  
  64  16:01  Pylon  
  64  16:06  Pylon  
  64  16:15  Pylon  
  64  16:38  Stalker x2  
  57  17:06  Stalker x2  
  61  17:23  Nexus  
  59  17:40  Stalker x2  
Show
View Real Time Build Order
Export as new Build Order

TYTY Terran 

Build Orders:  

Get SALT Encoding   

  12  0:00  SCV  
  13  0:13  SCV  
  14  0:17  Supply Depot  
  14  0:25  SCV  
  15  0:39  SCV  
  15  0:41  Barracks  
  16  0:43  Refinery  
  16  0:51  SCV  
  17  1:03  SCV  
  18  1:15  SCV  
  19  1:28  Orbital Command  
  19  1:35  Barracks Reactor  
  19  1:39  Command Center  
  19  1:49  Supply Depot  
  19  1:54  SCV  
  20  2:02  Factory  
  20  2:06  SCV  
  21  2:11  Marine x2  
  23  2:16  Refinery  
  23  2:18  SCV  
  24  2:29  Marine x2  
  26  2:30  SCV  
  27  2:43  SCV  
  28  2:46  Starport  
  28  2:53  Hellion x2  
  28  2:56  Orbital Command  
  32  2:59  SCV  
  32  3:00  Barracks Tech Lab  
  33  3:11  SCV  
  34  3:23  SCV  
  34  3:25  SCV  
  34  3:26  Marine x2  
  38  3:30  Raven  
  38  3:31  Factory Tech Lab  
  40  3:35  SCV  
  40  3:43  Marine  
  40  3:44  Marine  
  40  3:50  Cyclone  
  40  3:53  SCV  
  40  3:54  SCV  
  44  4:01  Marine x2  
  45  4:14  SCV  
  46  4:17  Supply Depot  
  46  4:19  SCV, Barracks  
  46  4:20  Barracks  
  46  4:21  Marine  
  46  4:22  Siege Tank  
  50  4:25  Marine  
  50  4:30  SCV  
  50  4:32  SCV, Starport Reactor  
  51  4:39  Marine  
  51  4:42  SCV  
  51  4:43  Marine  
  54  4:47  SCV  
  54  4:49  Refinery  
  55  4:54  Siege Tank  
  55  4:57  Marine  
  59  5:00  SCV  
  59  5:01  Marine  
  59  5:05  Supply Depot  
  61  5:14  Marine  
  61  5:17  Bunker  
  61  5:18  Stimpack, Marine x2  
  61  5:21  Starport Reactor  
  62  5:27  SCV, Supply Depot  
  62  5:28  Supply Depot  
  65  5:31  Siege Tank  
  66  5:43  SCV x2  
  67  5:50  Marauder, Marine x4  
  67  5:54  Engineering Bay  
  67  5:55  SCV  
  74  5:58  SCV  
  74  5:59  Supply Depot  
  74  6:01  Supply Depot, Refinery  
  75  6:09  Marine x2  
  79  6:12  Marauder  
  79  6:14  Viking  
  79  6:18  Viking  
  83  6:21  Terran Infantry Weapons Level 1  
  83  6:22  SCV x2  
  85  6:32  Supply Depot  
  85  6:33  Marauder, Marine x2  
  89  6:41  Marauder  
  89  6:44  Medivac  
  93  6:47  Medivac  
  93  6:51  SCV x2  
  91  6:54  Marauder, Marine x2  
  92  7:03  SCV  
  92  7:08  Marauder, Command Center  
  94  7:10  Factory Tech Lab  
  94  7:14  Marine x2  
  96  7:16  Medivac, Marauder  
  96  7:21  SCV  
  96  7:22  SCV, Supply Depot  
  102  7:28  Siege Tank  
  105  7:35  Combat Shield  
  105  7:36  Concussive Shells  
  102  7:39  SCV x2  
  104  7:48  Marauder x2  
  104  7:51  SCV x2  
  110  7:52  Marine  
  110  7:55  Missile Turret  
  111  8:05  Siege Tank  
  116  8:10  SCV x2  
  116  8:15  Marauder, Terran Infantry Armor Level 1  
  116  8:16  Marine  
  116  8:19  Marine  
  121  8:20  Marauder, Orbital Command  
  121  8:22  SCV x2  
  122  8:34  SCV x2  
  122  8:40  Barracks  
  127  8:42  Barracks  
  127  8:45  SCV  
  128  8:48  Viking x2  
  128  8:54  Supply Depot x2  
  133  9:00  Ghost Academy  
  133  9:02  Marauder x2  
  132  9:05  Marine  
  132  9:06  Factory Reactor  
  133  9:12  Sensor Tower  
  133  9:13  Supply Depot x3  
  133  9:15  Marine  
  133  9:17  Supply Depot x2  
  134  9:18  Viking x2  
  134  9:22  Marine  
  134  9:23  SCV x2, Marine  
  134  9:24  SCV  
  143  9:37  Marine x3  
  148  9:44  Marine  
  152  9:48  Viking  
  152  9:52  Missile Turret  
  154  9:54  Marine x2  
  154  9:58  SCV x3  
  159  10:02  Marine  
  159  10:05  Viking  
  162  10:07  Supply Depot  
  162  10:09  Unknown, Marauder, Marine  
  162  10:10  SCV, Unknown x2, Marauder x2  
  162  10:12  Marine  
  171  10:24  Marine  
  171  10:25  Marine  
  173  10:28  Viking  
  173  10:31  Marauder, Marine x2  
  173  10:35  Viking  
  179  10:47  Marauder x2, Marine x2  
  181  10:52  Marauder, Missile Turret  
  181  10:55  Orbital Command  
  181  11:00  Liberator  
  184  11:11  Missile Turret  
  183  11:19  Marine x2  
  183  11:24  Marauder  
  187  11:32  Marine x2  
  152  12:00  Missile Turret  
  58  15:01  Supply Depot  
  52  15:45  Supply Depot  
  49  16:38  Supply Depot  
Tags
 
Add a new tag
Caveats
  • Supply blocks, unpowered buildings, or Contaminate may cause inaccurate times.
  • Supply counts are checked every 10 seconds.